 Dungeon Crawl Stone Soup version 0.23-a0-404-g0063841 (webtiles) character file.

46 MisterFreud the Sneak (level 3, -7/42 HPs)
             Began as a Naga Fire Elementalist on Nov 5, 2018.
             Mangled by a gnoll
             ... wielding a +1 flail of protection
              (13 damage)
             ... on level 2 of the Dungeon.
             The game lasted 00:06:15 (1474 turns).

MisterFreud the Sneak (Naga Fire Elementalist)      Turns: 1474, Time: 00:06:18

Health: -7/42      AC:  2    Str: 15    XL:     3   Next: 66%
Magic:  4/6        EV: 10    Int: 16    God:
Gold:   46         SH:  0    Dex: 11    Spells: 2/6 levels left

rFire    . . .     SeeInvis +   a - +0 dagger
rCold    . . .     Gourm    .   (no shield)
rNeg     . . .     Faith    .   n - +0 robe
rPois    +         Spirit   .   (no helmet)
rElec    .         Reflect  .   (no cloak)
rCorr    .         Harm     .   (no gloves)
MR       .....                  (no barding)
Stlth    ..........             (no amulet)
HPRegen  0.14/turn              (no ring)
MPRegen  0.10/turn              (no ring)

@: mighty, berserking, quick
A: large, see invisible, deformed body, poison resistance, slowness 2, slow
metabolism 1, spit poison 1, AC +1
a: Spit Poison


You were on level 2 of the Dungeon.
You were not hungry.

You visited 1 branch of the dungeon, and saw 3 of its levels.

You collected 46 gold pieces.

Inventory:

Hand Weapons
 a - a +0 dagger (weapon)
Missiles
 f - 87 stones
 l - 4 tomahawks (quivered)
 m - 26 sling bullets
 o - 47 arrows
Armour
 n - a +0 robe (worn)
Scrolls
 b - a scroll of immolation {unknown}
 d - 3 scrolls of identify {unknown}
 g - a scroll of fear {unknown}
 h - 2 scrolls of remove curse {unknown}
 q - a scroll of magic mapping {unknown}
 r - 2 scrolls of teleportation {unknown}
 s - a scroll of amnesia {unknown}
Potions
 e - a potion of haste {unknown}
 i - a potion of lignification {unknown}
 j - 2 potions of might
 k - a potion of berserk rage
 p - a potion of cancellation {unknown}
 t - 2 potions of flight {unknown}
Comestibles
 c - 5 rations


   Skills:
 - Level 1.5 Dodging
 - Level 5.0 Stealth
 - Level 2.0 Spellcasting
 + Level 2.3 Conjurations
 - Level 3.0 Fire Magic


You had 2 spell levels left.
You knew the following spells:

 Your Spells              Type           Power        Failure   Level  Hunger
a - Flame Tongue          Conj/Fire      ##...        7%          1    #......
b - Conjure Flame         Conj/Fire      ##......     22%         3    ###....

Your spell library contained the following spells:

 Spells                   Type           Power        Failure   Level  Hunger
 Throw Flame              Conj/Fire      ##....       11%         2    ###....
 Inner Flame              Hex/Fire       #.......     32%         3    ###....
 Sticky Flame             Conj/Fire      ##......     56%         4    #####..
 Fireball                 Conj/Fire      ##........   89%         5    ######.


Dungeon Overview and Level Annotations

Branches:
Dungeon (3/15)

Altars:


Innate Abilities, Weirdness & Mutations

You cannot wear boots.
Your serpentine skin is tough. (AC +1)
You have supernaturally acute eyesight. (SInv)
Armour fits poorly on your strangely shaped body.
Your system is resistant to poisons. (rPois)
You cover ground very slowly.
You have a slow metabolism.
You can spit poison.


Message History

Unknown command.
Unknown command.
Okay, then.
Unknown command.
Unknown command.
You aren't carrying any items that you can evoke.
Unknown command.
Unknown command.
Unknown command.
It was a potion of might.
You feel very mighty all of a sudden.
The gnoll hits you from afar with a +0 spear.
* * * LOW HITPOINT WARNING * * *
It was a potion of berserk rage.
A red film seems to cover your vision as you go berserk!
You feel yourself moving faster!
You feel mighty!
The gnoll looks more healthy.
The gnoll hits you from afar with a +0 spear.
* * * LOW HITPOINT WARNING * * *
The gnoll hits you with a +1 flail of protection!
You die...

.########.............##........#
.....................############
...##................#
.##....#.............#
...........#.........#
.....................#
....................[#
.....................#
.....)..........@#####
...............gg#
................g#
................>.
........######.... >#......#
####.. ####### ##


You could see 3 gnolls.

Vanquished Creatures
  An adder (D:2)
  An adder skeleton (D:2)
  3 leopard geckos (D:1)
  2 giant cockroaches (D:2)
  A goblin (D:1)
  4 hobgoblins (D:1)
  6 bats
  7 frilled lizards
  4 kobolds
  5 rats
34 creatures vanquished.

Notes
Turn   | Place    | Note
-------+----------+-------------------------------------------
     0 | D:1      | MisterFreud the Naga Fire Elementalist began the quest for
                  | the Orb.
     0 | D:1      | Reached XP level 1. HP: 15/15 MP: 3/3
   259 | D:2      | Reached skill level 4 in Stealth
   276 | D:2      | Reached XP level 2. HP: 17/22 MP: 5/5
   642 | D:1      | Reached skill level 5 in Stealth
   732 | D:1      | Reached XP level 3. HP: 28/28 MP: 4/6
  1275 | D:2      | Learned a level 3 spell: Conjure Flame
  1474 | D:2      | Mangled by a gnoll

Vault maps used:
D:1:      mainiacjoe_arrival_reflecting_pool
D:2:      first_ration, minmay_misc_feat_iff, minmay_lizard_king
D:3:      chequers_ecumenical_altar_simple_redux, hangedman_decor_lopped

Skill      XL: |  1  2  3 |
---------------+----------+-----
Stealth        | 4 5 |  5.0
Conjurations   | 2 |  2.3
Dodging        | |  1.5
Spellcasting   | |  2.0
Fire Magic     | |  3.0

Action                   || total
-------------------------++-------
Melee: Hand axe          ||     7
       Dagger            ||     2
 Cast: Flame Tongue      ||    33
 Abil: Spit Poison       ||    27
  Use: Potion            ||     2
 Stab: Sleeping          ||     2
  Eat: Chunk             ||     3
Armor: Robe              ||    12
Dodge: Dodged            ||    20

Table legend:
 A = Non-vault XP
 B = Vault XP
 C = Vault XP percentage of total XP
 D = Non-vault monster count
 E = Vault monster count
 F = Vault count percentage of total count
                 A         B        C        D         E       F
            +---------+---------+-------+---------+---------+-------
      Total |      61 |       5 |   7.6 |      29 |       5 |  14.7
            +---------+---------+-------+---------+---------+-------
        D:1 |      33 |       0 |   0.0 |      20 |       0 |   0.0
        D:2 |      28 |       5 |  15.2 |       9 |       5 |  35.7
            +---------+---------+-------+---------+---------+-------
